[Event "Titled Tuesday Blitz May 2 Early 2023"]
[White "Zaitsev, Alexander"]
[Black "Levitan, Caleb Levi"]
[WhiteFideId "4164490"]
[BlackFideId "14332620"]
[WhiteElo "2373"]
[BlackElo "1963"]
[Result "1-0"]
[Round "10"]
[TimeControl "180+2"]
[Date "2023.05.03"]
[WhiteClock "0:00:00"]
[BlackClock "0:00:00"]

1. e4 c5 2. Nf3 e6 3. g3 d5 4. exd5 exd5 5. d4 cxd4 6. Bg2 Nc6 7. O-O Nf6 8. Nxd4 Be7 9. Nc3 O-O 10. h3 h6 11. Be3 a6 12. Re1 Qc7 13. a3 Rd8 14. Qd2 Bf8 15. Rad1 Bd7 16. Bf4 Qb6 17. Nb3 Be6 18. Na4 Qb5 19. Nc3 Qb6 20. Be3 Qc7 21. Na4 Ne5 22. Bb6 Qd7 23. Rxe5 Qxa4 24. Bxd8 Rxd8 25. Nd4 Bd6 26. Nxe6 fxe6 27. Rxe6 Qd7 28. Bxd5 Kh8 29. Bb3 Ne8 30. Rde1 Nc7 31. Rxh6+ gxh6 32. Qxh6+ Qh7 33. Qf6+ Qg7 34. Qxd8+ Bf8 35. Qh4+ 1-0


[Site "https://www.chess.com"]

[Event "Titled Tuesday Blitz May 2 Early 2023"]
[White "Andrews, Todd"]
[Black "Delorme, Alban"]
[WhiteFideId "2012456"]
[BlackFideId "623636"]
[WhiteElo "2217"]
[BlackElo "2196"]
[Result "1-0"]
[Round "10"]
[TimeControl "180+2"]
[Date "2023.05.03"]
[WhiteClock "0:00:00"]
[BlackClock "0:00:00"]

1. e4 c5 2. Nf3 d6 3. d4 cxd4 4. Nxd4 Nf6 5. Nc3 a6 6. Bc4 e6 7. Bb3 Be7 8. Be3 O-O 9. Qe2 Nbd7 10. g4 Nc5 11. f3 Qc7 12. g5 Nfd7 13. O-O-O g6 14. h4 e5 15. Nd5 Qd8 16. h5 exd4 17. Bxd4 Ne5 18. hxg6 hxg6 19. Qh2 Bxg5+ 20. Kb1 Bh4 21. Bxc5 dxc5 22. Nb6 Nxf3 23. Rxd8 Nxh2 24. Rxf8+ Kxf8 25. Rxh2 Rb8 26. Rxh4 Kg7 27. Nxc8 Rxc8 28. Bd5 Rd8 29. c4 b5 30. Rf4 Rd7 31. b3 bxc4 32. Bxc4 g5 33. Rf5 f6 34. Rxc5 g4 35. Rc8 Kh6 36. Rg8 Kh5 37. Be2 f5 38. exf5 Rd4 39. Rxg4 Rd2 40. Rg2+ Kh6 41. f6 Rd4 42. Rf2 Rd8 43. f7 Rf8 44. Bc4 Kg7 45. Kc2 Rxf7 46. Rxf7+ 1-0


[Site "https://www.chess.com"]

[Event "Titled Tuesday Blitz May 2 Early 2023"]
[White "Aldokhin, Ivan"]
[Black "Matveeva, Olga"]
[WhiteFideId "24115720"]
[BlackFideId "24107018"]
[WhiteElo "2322"]
[BlackElo "2056"]
[Result "1-0"]
[Round "10"]
[TimeControl "180+2"]
[Date "2023.05.03"]
[WhiteClock "0:00:00"]
[BlackClock "0:00:00"]

1. e4 e6 2. d4 d5 3. Nc3 Nf6 4. e5 Nfd7 5. f4 c5 6. Nf3 Nc6 7. Be3 cxd4 8. Nxd4 Bc5 9. Qd2 O-O 10. O-O-O a6 11. h4 Bxd4 12. Bxd4 b5 13. h5 b4 14. Na4 a5 15. Bf2 Ba6 16. Bxa6 Rxa6 17. g4 Qc7 18. g5 Rc8 19. Kb1 Ne7 20. g6 fxg6 21. hxg6 h6 22. Rc1 Nf5 23. c3 Rc6 24. cxb4 axb4 25. Rxc6 Qxc6 26. Rc1 Qxc1+ 27. Qxc1 Rxc1+ 28. Kxc1 Ne7 29. Nc5 Nf8 30. a4 bxa3 31. bxa3 Nc6 32. a4 Nxg6 33. Nxe6 Kf7 34. Nd4 Nxd4 35. Bxd4 Nxf4 36. Kd2 Ke6 37. a5 Kd7 38. a6 Kc6 39. Bg1 Ne6 40. Ke2 g5 41. Kf3 h5 42. Bf2 Kd7 43. Bb6 Kc6 44. Bf2 Kd7 45. Bb6 Kc6 46. Be3 d4 47. Bg1 Kb6 48. Ke4 Kxa6 49. Kf5 1-0


[Site "https://www.chess.com"]

[Event "Titled Tuesday Blitz May 2 Early 2023"]
[White "Prudnykova, Olga"]
[Black "Veiga, Jose Francisco R P Neves"]
[WhiteFideId "14121093"]
[BlackFideId "1930087"]
[WhiteElo "2113"]
[BlackElo "2320"]
[Result "0-1"]
[Round "10"]
[TimeControl "180+2"]
[Date "2023.05.03"]
[WhiteClock "0:00:00"]
[BlackClock "0:00:01"]

1. e4 Nc6 2. d4 d5 3. e5 Bf5 4. Nf3 e6 5. c4 dxc4 6. Bxc4 Bb4+ 7. Nc3 Nge7 8. O-O O-O 9. h3 Nd5 10. Nxd5 exd5 11. Bd3 Qd7 12. a3 Ba5 13. Be3 Ne7 14. Rc1 c6 15. Be2 Bb6 16. Nh4 Be6 17. g4 f6 18. exf6 Rxf6 19. Nf3 Ng6 20. Bd3 Raf8 21. Ng5 Bc7 22. Nxe6 Qxe6 23. Bxg6 hxg6 24. Qd2 Rf3 25. Kg2 Qe4 0-1


[Site "https://www.chess.com"]

[Event "Titled Tuesday Blitz May 2 Early 2023"]
[White "Kim, Sergey"]
[Black "Buchenau, Frank"]
[WhiteFideId "13700570"]
[BlackFideId "4604350"]
[WhiteElo "2295"]
[BlackElo "2157"]
[Result "1/2-1/2"]
[Round "10"]
[TimeControl "180+2"]
[Date "2023.05.03"]
[WhiteClock "0:00:00"]
[BlackClock "0:00:00"]

1. d4 e6 2. c4 Nf6 3. Nc3 Bb4 4. Qc2 c5 5. dxc5 O-O 6. Nf3 Na6 7. e3 Nxc5 8. Be2 Nce4 9. Bd2 Nxd2 10. Nxd2 d5 11. O-O d4 12. exd4 Qxd4 13. Nf3 Qf4 14. a3 Be7 15. g3 Qc7 16. Nb5 Qb8 17. Rfd1 a6 18. Nc3 Bd7 19. Ne4 Bc6 20. Nxf6+ Bxf6 21. Nd4 Bxd4 22. Rxd4 e5 23. Rd2 Qc7 24. Rad1 Rad8 25. b4 b6 26. h4 Bb7 27. Qf5 Qc6 28. f3 Rxd2 29. Rxd2 e4 30. Qxe4 Qxe4 31. fxe4 Bxe4 32. Rd6 Rb8 33. Kf2 Kf8 34. Ke3 Ke7 35. c5 bxc5 36. bxc5 f5 37. Rxa6 Rb3+ 38. Kf4 Rb2 39. Ke3 Rb3+ 40. Kf2 Rb2 41. Ke1 Rb1+ 42. Kd2 Rb2+ 43. Ke3 Rb3+ 1/2-1/2


[Site "https://www.chess.com"]

[Event "Titled Tuesday Blitz May 2 Early 2023"]
[White "Hajiyev, Kanan"]
[Black "Manon-og, Ramon Jr."]
[WhiteFideId "13404148"]
[BlackFideId "5200776"]
[WhiteElo "2103"]
[BlackElo "1999"]
[Result "1-0"]
[Round "10"]
[TimeControl "180+2"]
[Date "2023.05.03"]
[WhiteClock "0:00:00"]
[BlackClock "0:00:00"]

1. d4 Nf6 2. c4 g6 3. Nc3 d5 4. cxd5 Nxd5 5. Na4 Bg7 6. e4 Nb6 7. Nc3 Qxd4 8. Qc2 O-O 9. Nb5 Qe5 10. Nf3 Qh5 11. Nxc7 Nc6 12. Nxa8 Bg4 13. Nxb6 Bxf3 14. Nd5 e6 15. Nf4 Nb4 16. Qb3 Qa5 17. Bd2 Bxe4 18. Bxb4 Qe5 19. Bxf8 Bc2+ 20. Qe3 Qxb2 21. Bxg7 Kxg7 22. Rc1 e5 23. Nd3 Qxa2 24. Qxe5+ Kg8 25. Nb4 1-0


[Site "https://www.chess.com"]

[Event "Titled Tuesday Blitz May 2 Early 2023"]
[White "Shukhman, Anna"]
[Black "Tsyhanchuk, Stanislav"]
[WhiteFideId "54180058"]
[BlackFideId "13505130"]
[WhiteElo "2125"]
[BlackElo "2173"]
[Result "1-0"]
[Round "10"]
[TimeControl "180+2"]
[Date "2023.05.03"]
[WhiteClock "0:00:00"]
[BlackClock "0:00:00"]

1. e4 c5 2. Nf3 d6 3. d4 cxd4 4. Nxd4 Nf6 5. Nc3 a6 6. Qd3 e5 7. Nf5 Bxf5 8. exf5 d5 9. Bg5 d4 10. Ne4 Nbd7 11. O-O-O Be7 12. Bxf6 Nxf6 13. f4 exf4 14. Qxd4 Qxd4 15. Rxd4 O-O 16. Be2 Rfd8 17. Rhd1 Kf8 18. Bf3 Rxd4 19. Rxd4 Re8 20. c3 Nxe4 21. Rxe4 b6 22. Kc2 Bd6 23. Rd4 Bc5 24. Rxf4 Re5 25. g4 Ke7 26. b4 Bg1 27. h4 a5 28. Rc4 axb4 29. cxb4 h6 30. Rc7+ Kf6 31. a4 Bf2 32. h5 Be1 33. Rc6+ Kg5 34. Rxb6 Kf4 35. Bd1 Re4 36. Kb3 Re3+ 37. Kc4 Rc3+ 38. Kb5 Rd3 39. Be2 Rd5+ 40. Kc6 Re5 41. a5 Rxe2 42. a6 Ra2 43. b5 Bf2 44. Rb7 Rc2+ 45. Kd6 Kxg4 46. Rxf7 Bd4 47. Kd5 Rd2 48. Kc6 Rb2 49. a7 Ra2 50. b6 Ra6 51. Rb7 Kxf5 52. Kb5 Ra1 53. Rd7 Be3 54. Rd8 Rb1+ 55. Kc4 Bxb6 56. a8=Q Bxd8 57. Qxd8 Rc1+ 58. Kb3 Rb1+ 59. Kc2 Rf1 60. Qf8+ Kg5 61. Qxf1 Kxh5 62. Kd3 g6 63. Ke4 g5 64. Kf5 g4 65. Qh1# 1-0


[Site "https://www.chess.com"]

[Event "Titled Tuesday Blitz May 2 Early 2023"]
[White "Allahverdiyeva, Ayan"]
[Black "Kukula, Pawel"]
[WhiteFideId "13412590"]
[BlackFideId "1115081"]
[WhiteElo "1980"]
[BlackElo "2012"]
[Result "0-1"]
[Round "10"]
[TimeControl "180+2"]
[Date "2023.05.03"]
[WhiteClock "0:00:00"]
[BlackClock "0:00:00"]

1. e4 c5 2. Nf3 Nc6 3. Bb5 e6 4. O-O Nge7 5. d4 cxd4 6. Nxd4 Qb6 7. Nxc6 bxc6 8. Bd3 Ng6 9. Kh1 e5 10. Qh5 d6 11. Na3 Be6 12. Nc4 Qc7 13. f4 exf4 14. Bxf4 Nxf4 15. Rxf4 g6 16. Qg5 Bg7 17. Raf1 O-O 18. Rh4 d5 19. exd5 Bxd5 20. Ne3 Be6 21. Ng4 Bxg4 22. Rxg4 Bxb2 23. Bc4 Bg7 24. Rgf4 Kh8 25. Bxf7 Qd8 26. Qg4 Rb8 27. Qh3 Qg5 28. R4f3 Rbd8 29. Bb3 Rxf3 30. Qxf3 Rf8 31. Qe2 Qd8 32. Bf7 c5 33. Qc4 Qg5 34. g3 Qe7 35. Qd5 Bd4 36. Kg2 Kg7 37. c4 Rxf7 38. Rxf7+ Qxf7 39. Qxf7+ Kxf7 40. Kf3 Kf6 41. Ke4 Ke6 42. h3 a5 43. a4 h6 44. g4 g5 45. Kf3 Ke5 46. Ke2 Bc3 47. Kd3 Bb4 48. Ke3 Bc3 49. Kd3 Be1 50. Ke2 Bh4 0-1


[Site "https://www.chess.com"]

[Event "Titled Tuesday Blitz May 2 Early 2023"]
[White "Kohler, Aran"]
[Black "Petrova, Irina"]
[WhiteFideId "1002856"]
[BlackFideId "14124122"]
[WhiteElo "2010"]
[BlackElo "2084"]
[Result "0-1"]
[Round "10"]
[TimeControl "180+2"]
[Date "2023.05.03"]
[WhiteClock "0:00:00"]
[BlackClock "0:00:00"]

1. d4 d6 2. Nf3 g6 3. Bg5 Bg7 4. c3 Nd7 5. Nbd2 Ngf6 6. e3 O-O 7. Bd3 e5 8. h4 Qe8 9. h5 e4 10. hxg6 fxg6 11. Nxe4 Nxe4 12. Bc4+ Kh8 13. Qc2 Ndf6 14. O-O-O d5 15. Bxf6 Nxf6 16. Bd3 Bg4 17. Ne5 Bxd1 18. Kxd1 Ne4 19. f3 Bxe5 20. fxe4 Bg7 21. e5 Kg8 22. Qe2 Qf7 23. c4 c6 24. e4 Rad8 25. cxd5 cxd5 26. Kc1 Qc7+ 27. Kb1 dxe4 28. Bc4+ Kh8 29. g3 h6 30. d5 Qxe5 31. g4 e3 32. Bd3 Rf2 0-1


[Site "https://www.chess.com"]

[Event "Titled Tuesday Blitz May 2 Early 2023"]
[White "Clawitter, Craig"]
[Black "Melikhov, Evgeny V."]
[WhiteFideId "2023105"]
[BlackFideId "4122046"]
[WhiteElo "2050"]
[BlackElo "2158"]
[Result "1-0"]
[Round "10"]
[TimeControl "180+2"]
[Date "2023.05.03"]
[WhiteClock "0:00:00"]
[BlackClock "0:00:00"]

1. e4 c5 2. Nf3 d6 3. d4 cxd4 4. Nxd4 Nf6 5. Nc3 a6 6. Be3 e5 7. Nb3 Be6 8. f3 Be7 9. Qd2 O-O 10. g4 Nbd7 11. O-O-O b5 12. Rg1 Nb6 13. Na5 Nc4 14. Bxc4 bxc4 15. Nc6 Qc7 16. Nxe7+ Qxe7 17. Qxd6 Qb7 18. Qxe5 Rab8 19. Nd5 Nxd5 20. exd5 c3 21. Qxc3 Rfc8 22. Qe5 Bd7 23. Bd4 f6 24. Qh5 Ba4 25. Rg2 Qb4 26. g5 Bxc2 27. Rxc2 Rxc2+ 28. Kxc2 Qa4+ 29. Kc1 Qxa2 30. gxf6 Qa1+ 31. Kd2 Qa5+ 32. Ke3 g6 33. Qe5 Qb5 34. f7+ Kxf7 35. Qe6+ Kf8 36. Qf6+ Ke8 37. Re1 Kd7 38. Qe6+ Kc7 39. Be5+ Kb7 40. Bxb8 Kxb8 41. Qd6+ Kb7 42. Qc6+ Qxc6 43. dxc6+ 1-0


[Site "https://www.chess.com"]

[Event "Titled Tuesday Blitz May 2 Early 2023"]
[White "Jiganchine, Roman"]
[Black "Gracia Alvarez, Gerardo Antonio"]
[WhiteFideId "2603667"]
[BlackFideId "5109124"]
[WhiteElo "2205"]
[BlackElo "2160"]
[Result "0-1"]
[Round "10"]
[TimeControl "180+2"]
[Date "2023.05.03"]
[WhiteClock "0:00:00"]
[BlackClock "0:00:00"]

1. e4 c5 2. Nf3 Nc6 3. Bb5 d6 4. O-O Bd7 5. c3 Nf6 6. Re1 a6 7. Bxc6 Bxc6 8. d4 Bxe4 9. Bg5 Bc6 10. d5 Nxd5 11. c4 Nc7 12. Nc3 Ne6 13. Nd5 g6 14. Rxe6 fxe6 15. Nf4 Qd7 16. Qe2 e5 17. Nd5 Bxd5 18. cxd5 Bg7 19. Nd2 e4 20. Qxe4 O-O 21. Re1 Rae8 22. g4 Bxb2 23. Nc4 Bf6 24. Bh6 Bg7 25. Bg5 b5 26. Na5 Bc3 27. Bh6 Bxa5 28. Bxf8 Bxe1 29. Bh6 Bc3 30. h4 e6 31. h5 exd5 32. Qxd5+ Qe6 33. Qf3 Qf7 34. Qxc3 b4 35. Qd3 c4 36. Qxd6 c3 37. hxg6 hxg6 38. Be3 a5 39. Bd4 Qe6 40. Qf4 Qe4 41. Qf6 Qxg4+ 42. Kf1 Qh3+ 0-1


[Site "https://www.chess.com"]

[Event "Titled Tuesday Blitz May 2 Early 2023"]
[White "Shubenkova, Veronika"]
[Black "Yonal, Timur"]
[WhiteFideId "44124040"]
[BlackFideId "44115725"]
[WhiteElo "2027"]
[BlackElo "1966"]
[Result "1-0"]
[Round "10"]
[TimeControl "180+2"]
[Date "2023.05.03"]
[WhiteClock "0:00:00"]
[BlackClock "0:00:00"]

1. e4 c5 2. Nc3 d6 3. g3 g6 4. Bg2 Bg7 5. d3 e6 6. f4 Ne7 7. Nf3 Nbc6 8. O-O Nd4 9. Rb1 Nec6 10. Ne2 a5 11. Be3 Nxf3+ 12. Bxf3 Nd4 13. Nxd4 cxd4 14. Bf2 Qc7 15. Kg2 a4 16. a3 Bd7 17. Qe2 Bc6 18. Rfe1 h5 19. h4 Ra5 20. Qd2 Rb5 21. b4 axb3 22. cxb3 Rc5 23. Rec1 Bb5 24. a4 Bd7 25. Rxc5 dxc5 26. Rc1 O-O 27. e5 Bc6 28. Qe2 Ra8 29. Bxc6 Qxc6+ 30. Qf3 Bf8 31. Be1 Qxf3+ 32. Kxf3 Be7 33. Ke4 Kf8 34. Rc4 Ke8 35. a5 Kd7 36. b4 cxb4 37. Bxb4 Bxb4 38. Rxb4 Rxa5 39. Rxb7+ Ke8 40. Kxd4 Ra2 41. Kc5 Rg2 42. Kd6 Kf8 43. Rb8+ Kg7 44. Ke7 Rxg3 45. Rf8 Rxd3 46. Rxf7+ Kh6 47. Kxe6 Rh3 48. Rf6 Rxh4 49. Kf7 Rh1 50. e6 h4 51. e7 Re1 52. Re6 1-0


[Site "https://www.chess.com"]

[Event "Titled Tuesday Blitz May 2 Early 2023"]
[White "Toktomushev, Teimur"]
[Black "Cramling Bellon, Anna"]
[WhiteFideId "14176726"]
[BlackFideId "32009232"]
[WhiteElo "2116"]
[BlackElo "1972"]
[Result "1-0"]
[Round "10"]
[TimeControl "180+2"]
[Date "2023.05.03"]
[WhiteClock "0:00:00"]
[BlackClock "0:00:00"]

1. d4 Nf6 2. c4 e6 3. Nf3 d5 4. Nc3 c6 5. e3 Be7 6. Bd3 dxc4 7. Bxc4 Nbd7 8. O-O O-O 9. e4 b5 10. Bd3 Bb7 11. e5 Nd5 12. Nxd5 exd5 13. Qe2 Re8 14. e6 Bf6 15. exf7+ Kxf7 16. Ng5+ Bxg5 17. Qh5+ Kf8 18. Bxg5 Nf6 19. Bxf6 Qxf6 20. Qxh7 Rad8 21. Rae1 Rxe1 22. Rxe1 Qf7 23. Bg6 Qg8 24. Qh4 1-0


[Site "https://www.chess.com"]

[Event "Titled Tuesday Blitz May 2 Early 2023"]
[White "Sadovsky, Artem"]
[Black "Panico, Nick"]
[WhiteFideId "4155840"]
[BlackFideId "2026724"]
[WhiteElo "2314"]
[BlackElo "1982"]
[Result "1-0"]
[Round "10"]
[TimeControl "180+2"]
[Date "2023.05.03"]
[WhiteClock "0:00:00"]
[BlackClock "0:00:00"]

1. Nf3 f5 2. e3 Nf6 3. c4 e6 4. Nc3 b6 5. b3 Bb7 6. Bb2 Be7 7. Be2 O-O 8. Qc2 c5 9. O-O Nc6 10. Rad1 Nb4 11. Qb1 Ne4 12. d3 Nxc3 13. Bxc3 Bf6 14. Bxf6 Qxf6 15. a3 Nc6 16. b4 d6 17. d4 Rab8 18. d5 exd5 19. cxd5 Ne5 20. Nxe5 dxe5 21. bxc5 bxc5 22. Qc2 Qd6 23. Bc4 Rbd8 24. f4 g6 25. Qb2 exf4 26. Qxb7 fxe3 27. Qc6 Qe5 28. Qe6+ Qxe6 29. dxe6 Rxd1 30. Rxd1 Re8 31. Rd8 Rxd8 32. e7+ Kg7 33. exd8=Q 1-0


[Site "https://www.chess.com"]

[Event "Titled Tuesday Blitz May 2 Early 2023"]
[White "Blokhin, Sofia"]
[Black "Bilan, Danila"]
[WhiteFideId "4508190"]
[BlackFideId "24161918"]
[WhiteElo "1994"]
[BlackElo "2182"]
[Result "0-1"]
[Round "10"]
[TimeControl "180+2"]
[Date "2023.05.03"]
[WhiteClock "0:00:00"]
[BlackClock "0:00:00"]

1. d4 d5 2. c4 c6 3. Nc3 Nf6 4. e3 e6 5. cxd5 exd5 6. Bd3 Bd6 7. Nf3 Bg4 8. h3 Bh5 9. O-O O-O 10. Be2 Nbd7 11. b3 Qe7 12. a3 Ne4 13. Nxe4 dxe4 14. Nd2 Bxe2 15. Qxe2 f5 16. Bb2 Nf6 17. Nc4 Nd5 18. Ne5 Rad8 19. f3 Bxe5 20. dxe5 Qg5 21. f4 Qg3 22. Rfe1 b6 23. Rac1 c5 24. Rcd1 Kh8 25. Qf2 Qxf2+ 26. Kxf2 Kg8 27. Ke2 Kf7 28. Rd2 Ke6 29. Red1 Rd7 30. g4 g6 31. Rg1 Rfd8 32. gxf5+ Kxf5 33. Rdd1 h6 34. h4 Ne7 35. Rxd7 Rxd7 36. h5 Rd3 37. hxg6 Nxg6 38. b4 Rb3 39. Ba1 cxb4 40. axb4 Rxb4 41. e6 Ra4 42. Rh1 Ra2+ 43. Bb2 Rxb2+ 44. Kf1 Rb1+ 45. Kg2 Rxh1 46. Kxh1 Kxe6 47. Kg2 Kf5 48. Kh3 Nxf4+ 49. exf4 Kxf4 50. Kh4 e3 51. Kh3 e2 52. Kg2 e1=Q 0-1


[Site "https://www.chess.com"]

[Event "Titled Tuesday Blitz May 2 Early 2023"]
[White "Kostiukov, Alexandr"]
[Black "Lopez, Henry"]
[WhiteFideId "14108100"]
[BlackFideId "5203830"]
[WhiteElo "2202"]
[BlackElo "2177"]
[Result "0-1"]
[Round "10"]
[TimeControl "180+2"]
[Date "2023.05.03"]
[WhiteClock "0:00:00"]
[BlackClock "0:00:00"]

1. g3 c5 2. Bg2 Nc6 3. c4 g6 4. Nf3 Bg7 5. O-O e5 6. Nc3 Nge7 7. Ne1 d6 8. Nc2 O-O 9. Ne3 f5 10. Ned5 f4 11. d3 g5 12. e3 Ng6 13. Qh5 Nb4 14. Nxb4 cxb4 15. Bd5+ Kh8 16. Ne4 Bf6 17. Bd2 a5 18. a3 b3 19. Bc3 Kg7 20. gxf4 gxf4 21. Kh1 Be7 22. Rg1 Rf5 23. Qg4 Kh6 24. Qh3+ Rh5 25. Qg2 Bh3 26. Qf3 Qd7 27. exf4 Rf8 28. Bd2 Nxf4 29. Qg3 Bh4 30. Bxf4+ exf4 31. Qf3 Bd8 0-1


[Site "https://www.chess.com"]

[Event "Titled Tuesday Blitz May 2 Early 2023"]
[White "Begunov, Konstantin"]
[Black "Zaichenko, Daria"]
[WhiteFideId "4118510"]
[BlackFideId "4197453"]
[WhiteElo "2087"]
[BlackElo "2039"]
[Result "1-0"]
[Round "10"]
[TimeControl "180+2"]
[Date "2023.05.03"]
[WhiteClock "0:00:00"]
[BlackClock "0:00:00"]

1. d4 d5 2. c4 e6 3. Nc3 Be7 4. Nf3 Nf6 5. cxd5 exd5 6. Bg5 O-O 7. e3 Nbd7 8. Bd3 b6 9. Qc2 Bb7 10. O-O c5 11. dxc5 bxc5 12. Rfd1 h6 13. Bh4 d4 14. exd4 Bxf3 15. gxf3 cxd4 16. Ne2 Ne5 17. Kg2 Kh8 18. Bg3 Rc8 19. Qd2 Nxf3 20. Qf4 Ng5 21. Nxd4 Nh5 22. Qg4 Nf6 23. Qf4 Nh5 24. Qe3 Qd5+ 25. Nf3 Bc5 26. Qe2 Rfe8 27. Bc4 Qc6 28. Qd3 Rcd8 29. Qb3 Ne4 30. Rxd8 Rxd8 31. Re1 Nd2 32. Qc3 Nxf3 33. Qxf3 Qxf3+ 34. Kxf3 Nf6 35. Bxf7 Rd2 36. Re2 1-0


[Site "https://www.chess.com"]

[Event "Titled Tuesday Blitz May 2 Early 2023"]
[White "Vivas Zamora, Fabian Ernesto"]
[Black "Wessendorf, Thomas, Dr."]
[WhiteFideId "3902480"]
[BlackFideId "4604270"]
[WhiteElo "2262"]
[BlackElo "2280"]
[Result "1-0"]
[Round "10"]
[TimeControl "180+2"]
[Date "2023.05.03"]
[WhiteClock "0:00:00"]
[BlackClock "0:00:00"]

1. e4 c5 2. Nc3 Nc6 3. Bb5 Nf6 4. Nf3 d6 5. e5 Ng4 6. d4 cxd4 7. Qxd4 dxe5 8. Qxd8+ Kxd8 9. h3 Nf6 10. Bxc6 bxc6 11. Nxe5 Ke8 12. Bg5 Bb7 13. Bxf6 gxf6 14. Nc4 a5 15. O-O-O Rg8 16. Rhe1 e6 17. Ne4 Bh6+ 18. Kb1 Ke7 19. Nc5 Bc8 20. g3 Ra7 21. Rd3 e5 22. f4 Be6 23. Nxe6 fxe6 24. fxe5 f5 25. Red1 a4 26. a3 Rb7 27. Na5 Rc7 28. Rd6 Rgc8 29. R6d4 Be3 30. Rxa4 Rg8 31. g4 fxg4 32. Rxg4 Rg5 33. Nc4 Rxg4 34. hxg4 Bf4 35. Rf1 Bg5 36. Nd6 Rd7 37. Rf7+ Kd8 38. b4 Be3 39. Rf8+ Kc7 40. a4 Bd4 41. Rc8+ Kb6 42. a5+ Ka7 43. Nc4 Bc3 44. Rxc6 Bxb4 45. Rxe6 Rb7 46. Ka2 1-0


[Site "https://www.chess.com"]

[Event "Titled Tuesday Blitz May 2 Early 2023"]
[White "Acikel, Mert"]
[Black "Horak, Martin"]
[WhiteFideId "12956465"]
[BlackFideId "367095"]
[WhiteElo "2097"]
[BlackElo "2091"]
[Result "0-1"]
[Round "10"]
[TimeControl "180+2"]
[Date "2023.05.03"]
[WhiteClock "0:00:00"]
[BlackClock "0:00:00"]

1. e4 c5 2. Nf3 Nc6 3. Bb5 d6 4. O-O Bd7 5. Re1 a6 6. Bf1 Bg4 7. c3 Nf6 8. h3 Bh5 9. d3 e6 10. Bf4 Nd7 11. Nbd2 Nde5 12. Be2 Qc7 13. Rc1 Be7 14. d4 Nxf3+ 15. Nxf3 e5 16. dxe5 dxe5 17. Be3 O-O 18. Qc2 b5 19. Red1 c4 20. Nd2 0-1


[Site "https://www.chess.com"]

[Event "Titled Tuesday Blitz May 2 Early 2023"]
[White "Kiseljova, Marya"]
[Black "Rottenwohrer Suarez, Juan"]
[WhiteFideId "4155009"]
[BlackFideId "32068182"]
[WhiteElo "1851"]
[BlackElo "2174"]
[Result "1-0"]
[Round "10"]
[TimeControl "180+2"]
[Date "2023.05.03"]
[WhiteClock "0:00:00"]
[BlackClock "0:00:00"]

1. d4 Nf6 2. c4 g6 3. Nc3 Bg7 4. e4 d6 5. Be2 O-O 6. Nf3 c5 7. d5 e6 8. Be3 exd5 9. exd5 Bg4 10. O-O a6 11. a4 Nbd7 12. Bf4 Qc7 13. Re1 Rfe8 14. Qc2 Bf5 15. Qd2 Ne4 16. Nxe4 Rxe4 17. Ng5 Ree8 18. g4 h6 19. Nh3 g5 20. gxf5 gxf4 21. Nxf4 Nf6 22. Bf3 Qd7 23. Qd3 Kh8 24. Kh1 Rxe1+ 25. Rxe1 Qxa4 26. Re7 Qa1+ 27. Bd1 Qxb2 28. Rxf7 a5 29. Ne6 Rg8 30. Qg3 Qd2 31. Rxg7 Qxd1+ 32. Kg2 Ng4 33. Rxg8+ 1-0


[Site "https://www.chess.com"]

[Event "Titled Tuesday Blitz May 2 Early 2023"]
[White "Cueto, Jonny"]
[Black "Sai Han Thiha"]
[WhiteFideId "3300145"]
[BlackFideId "13012290"]
[WhiteElo "2234"]
[BlackElo "1954"]
[Result "0-1"]
[Round "10"]
[TimeControl "180+2"]
[Date "2023.05.03"]
[WhiteClock "0:00:00"]
[BlackClock "0:00:00"]

1. d4 Nf6 2. Bf4 e6 3. e3 c5 4. Nf3 cxd4 5. exd4 b6 6. Nbd2 Bb7 7. h3 Be7 8. c3 O-O 9. Bd3 d6 10. O-O Nbd7 11. Re1 Qc7 12. a4 a6 13. Qe2 Rfe8 14. Ne4 Bxe4 15. Bxe4 Nxe4 16. Qxe4 Nf6 17. Qd3 Qc6 18. Nd2 b5 19. Qf3 d5 20. axb5 axb5 21. b4 Rxa1 22. Rxa1 Ra8 23. Rxa8+ Qxa8 24. Nb3 Ne4 25. Na5 Qc8 26. Qg4 Qxc3 27. f3 Qxd4+ 28. Kh2 Nf2 0-1


[Site "https://www.chess.com"]

[Event "Titled Tuesday Blitz May 2 Early 2023"]
[White "Koridze, Lile"]
[Black "Torres Dominguez, David"]
[WhiteFideId "13612514"]
[BlackFideId "2220857"]
[WhiteElo "2047"]
[BlackElo "1999"]
[Result "1-0"]
[Round "10"]
[TimeControl "180+2"]
[Date "2023.05.03"]
[WhiteClock "0:00:00"]
[BlackClock "0:00:00"]

1. d4 e5 2. dxe5 d6 3. exd6 Bxd6 4. e4 Qe7 5. Bd3 Nc6 6. Nf3 Bg4 7. O-O O-O-O 8. Qe2 Nd4 9. Qe3 Nxf3+ 10. gxf3 Bh3 11. Re1 Nf6 12. e5 Nd5 13. exd6 Qf6 14. Qg5 Qxd6 15. Qg3 Qd7 16. Bf1 Bf5 17. c3 h5 18. h4 g5 19. hxg5 h4 20. Qh2 Rhg8 21. Kh1 Qc6 22. Bh3 Ne7 23. Nd2 Kb8 24. Ne4 Bxh3 25. Qxh3 f5 26. gxf6 Nf5 27. Qxf5 h3 28. Bg5 h2 29. f7 Rh8 30. Bxd8 1-0


[Site "https://www.chess.com"]

[Event "Titled Tuesday Blitz May 2 Early 2023"]
[White "Marcziter, Dmitrii"]
[Black "James, Stuart"]
[WhiteFideId "13900765"]
[BlackFideId "7400489"]
[WhiteElo "2162"]
[BlackElo "1950"]
[Result "1-0"]
[Round "10"]
[TimeControl "180+2"]
[Date "2023.05.03"]
[WhiteClock "0:00:00"]
[BlackClock "0:00:00"]

1. e4 c5 2. Nc3 a6 3. a4 e6 4. f4 d5 5. Nf3 dxe4 6. Nxe4 Nf6 7. Qe2 Nc6 8. g3 Be7 9. Bg2 O-O 10. d3 Nd4 11. Nxd4 cxd4 12. O-O Nd5 13. g4 f5 14. Ng3 fxg4 15. Qxg4 e5 16. f5 Ne3 17. Bxe3 dxe3 18. Rae1 Bc5 19. Kh1 Qd4 20. Ne4 Ba7 21. Bh3 Qxb2 22. Rg1 Rf7 23. Nf6+ Kh8 24. Qh5 Rxf6 25. Qe8+ 1-0


[Site "https://www.chess.com"]

[Event "Titled Tuesday Blitz May 2 Early 2023"]
[White "Vaglio Munoz, Jaime"]
[Black "Flis, Pawel"]
[WhiteFideId "6500145"]
[BlackFideId "1112864"]
[WhiteElo "2199"]
[BlackElo "1822"]
[Result "1-0"]
[Round "10"]
[TimeControl "180+2"]
[Date "2023.05.03"]
[WhiteClock "0:00:01"]
[BlackClock "0:00:00"]

1. e4 c5 2. a3 Nc6 3. b4 cxb4 4. axb4 Nxb4 5. c3 Nc6 6. d4 d5 7. exd5 Qxd5 8. Na3 Nf6 9. Nb5 Qd8 10. d5 Ne5 11. Bf4 Nfd7 12. Nf3 f6 13. Bxe5 fxe5 14. Ng5 Nf6 15. c4 Bd7 16. Nc3 Bf5 17. Bd3 Bxd3 18. Qxd3 Qb6 19. Ne6 e4 20. Qe3 Qxe3+ 21. fxe3 Kd7 22. Ke2 g6 23. Rhb1 b6 24. Rxb6 Bh6 25. Rb7+ Kc8 26. Rxe7 Ng4 27. Rc7+ Kb8 28. Rb1# 1-0


[Site "https://www.chess.com"]